 Dungeon Crawl Stone Soup version 0.31-a0-983-g7b6862f502 (webtiles) character file.

Game seed: 6278678433207395139

98 lunkers the Insei (level 4, -7/28 HPs)
             Began as an Octopode Shapeshifter on Nov 2, 2023.
             Killed by divine providence
             ... invoked by an orc priest
              (15 damage)
             ... on level 3 of the Dungeon.
             The game lasted 00:01:10 (1441 turns).

lunkers the Insei (Octopode Shapeshifter)           Turns: 1441, Time: 00:01:10

Health: -7/28      AC:  1    Str: 13    XL:     4   Next: 71%
Magic:  4/4        EV: 13    Int: 12    God:
Gold:   117        SH:  0    Dex: 13    Spells: 3/3 levels left

rFire   . .          .
                       - Unarmed
rCold   . . .        (no shield)
rNeg    . . .        (helmet currently unavailable)
rPois   .            (no amulet)
rElec   .            i - ring of resist corrosion
rCorr   +            (no ring)
SInv    .            (no ring)
Will    .....        (no ring)
Stlth   ++           (no ring)
HPRegen 0.24/turn    (no ring)
MPRegen 0.09/turn    (no ring)
                     (no ring)

%: no passive effects
@: beast-form
A: beast (slay +2), almost no armour, amphibious, 8 rings, camouflage 1,
gelatinous body 1, (nimble swimmer 1), tentacles
a: Begin Untransformation


You were on level 3 of the Dungeon.
You were a hulking beast.
You visited 1 branch of the dungeon, and saw 3 of its levels.

You collected 117 gold pieces.

Inventory:

Jewellery
 i - a ring of resist corrosion (left tentacle)
 m - a ring of poison resistance
Talismans
 b - a beast talisman
 c - a flux talisman
Scrolls
 d - 2 scrolls of identify {unknown}
 g - a scroll of fear {unknown}
 h - 2 scrolls of teleportation {unknown}
 j - 2 scrolls of immolation {unknown}
 k - a scroll of noise {unknown}
 l - a scroll of acquirement {unknown}
Potions
 a - a potion of lignification
 e - 2 potions of curing {unknown}
 f - a potion of degeneration {unknown}


   Skills:
 - Level 1.0 Fighting
 - Level 2.0 Dodging
 * Level 4.6 Unarmed Combat
 + Level 3.7 Shapeshifting


You had 3 spell levels left.
You didn't know any spells.
Your spell library contained the following spells:

 Spells                   Type           Power      Damage    Failure   Level
 Inner Flame              Hex/Fire       0%         N/A       69%         3
 Summon Forest            Summ/Tloc      0%         N/A       100%        5
 Summon Mana Viper        Hex/Summ       0%         N/A       100%        5
 Yara's Violent Unravell  Hex/Tmut       0%         3d3       100%        5
 Summon Cactus Giant      Summ           0%         N/A       100%        6
 Enfeeble                 Hex            0%         N/A       100%        7


Dungeon Overview and Level Annotations

Branches:
Dungeon (3/15)

Altars:


Innate Abilities, Weirdness & Mutations

You are a hulking beast.
Your limbs bulge with bestial killing power. (Slay +2)
You cannot wear most types of armour.
You are amphibious.
You can wear up to eight rings at the same time.
Your skin changes colour to match your surroundings (Stealth+).
Your rubbery body absorbs attacks. (AC +1, EV +1)
((You are camouflaged when in or above water. (Stealth+)))
You have tentacles for arms and can constrict up to eight enemies at once.


Message History

You tentacle-slap the orc. Your grab misses the orc.
Your squeeze misses the orc.
The orc is heavily wounded.
There are monsters nearby!
You tentacle-slap the orc.
You kill the orc!
The orc hits you with a +0 flail.
Things that are here:
a +0 short sword; a +0 leather armour You bludgeon the orc!
You kill the orc!
The orc priest calls down the wrath of Beogh upon you.
Pain shoots through your body!
Found a scroll labelled AFEPAI QUEBIN.
The orc priest hits you with a +0 hand axe.
* * * LOW HITPOINT WARNING * * *
Things that are here:
a +0 flail; an orc corpse You are too injured to fight recklessly!
You are too injured to fight recklessly!
You are too injured to fight recklessly!
You are too injured to fight recklessly!
You are too injured to fight recklessly!
You bludgeon the orc priest! You grab the orc priest.
The orc priest is heavily wounded.
You constrict the orc priest, but do no damage.
The orc priest hits you with a +0 hand axe.
* * * LOW HITPOINT WARNING * * *
You tentacle-slap the orc priest.
The orc priest is severely wounded.
You constrict the orc priest.
The orc priest hits you with a +0 hand axe.
* * * LOW HITPOINT WARNING * * *
You tentacle-slap the orc priest.
The orc priest is severely wounded.
You constrict the orc priest.
The orc priest mumbles some strange prayers to Beogh against you.
Beogh smites you!
Ouch! That really hurt!
You die...

##....# #.....# +#
#....## .# #....#
?# ###....## .#
#.'.....# .#
###.#.....# .#
#...#.....# ####.#
###.#.....# #.)ho#
#(#.....####.#####
#....<.....#.....#
###....###.#####.#
###### #.#####.#
#....)..#
#########


You could see an orc priest.

Vanquished Creatures
  Jessica (D:2)
  2 adders (D:2)
  A worm (D:2)
  3 orcs (D:3)
  5 ball pythons
  4 endoplasms (D:1)
  2 giant cockroaches
  3 goblins
  8 hobgoblins
  2 jackals (D:1)
  3 quokkas
  A bat (D:1)
  4 frilled lizards
  5 kobolds (D:1)
  2 rats
46 creatures vanquished.

Notes
Turn   | Place    | Note
-------+----------+-------------------------------------------
     0 | D:1      | lunkers the Octopode Shapeshifter began the quest for the
                  | Orb.
     0 | D:1      | Reached XP level 1. HP: 13/13 MP: 1/1
   103 | D:1      | Reached XP level 2. HP: 18/18 MP: 2/2
   466 | D:1      | Reached XP level 3. HP: 21/23 MP: 3/3
   937 | D:2      | Reached skill level 4 in Unarmed Combat
  1122 | D:2      | Reached XP level 4. HP: 28/28 MP: 4/4
  1132 | D:2      | Noticed Jessica
  1138 | D:2      | Killed Jessica
  1308 | D:2      | Found a faded altar of an unknown god.
  1441 | D:3      | Killed from afar by an orc priest

Illustrated notes

Levels and vault maps discovered:
D:1:      evilmike_arrival_crescent, layout_loops_ring
D:2:      layout_rooms, basic_ecumenical_altar, minmay_misc_feat_encased,
          uniq_jessica
D:3:      layout_basic, grunt_temple_overflow_diamond, minitemple,
          corner_web_ring

Skill      XL: |  1  2  3 |
---------------+----------+-----
Unarmed Combat | 4 |  4.6
Fighting       | |  1.0
Dodging        | |  2.0
Shapeshifting  | |  3.7

Action                     |  1- 3 |  4- 6 || total
---------------------------+-------+-------++-------
  Melee: Unarmed           |    73 |    14 ||    87
         Tentacles         |    17 |     2 ||    19
         Constrict         |    23 |     4 ||    27
         Punch             |     2 |     1 ||     3
   Stab: Sleeping          |     8 |     1 ||     9
 Armour: Skin              |    21 |     6 ||    27
  Dodge: Dodged            |    38 |     1 ||    39

Table legend: (Time is in decaauts)
 A = Elapsed time spent in this place.
 B = Non-inter-level travel time spent in this place.
 C = Inter-level travel time spent in this place.
 D = Time resting spent in this place.
 E = Time spent auto-exploring this place.
 F = Levels seen in this place.
 G = Mean time per level.
                   A        B        C        D        E       F      G
               +--------+--------+--------+--------+--------+-----+--------+
         Total |   1434 |   1382 |     52 |      0 |   1149 |   3 |  478.0 |
       Dungeon |   1434 |   1382 |     52 |      0 |   1149 |   3 |  478.0 |
               +--------+--------+--------+--------+--------+-----+--------+

Top non-repeatable levels by time:
     D:1: 864 daAuts
     D:2: 521 daAuts
     D:3: 48 daAuts
